[Event "51st Rilton Cup 2023-24"]
[Site "Stockholm"]
[Date "2024.01.04"]
[Round "8.13"]
[White "Sidhant, Mohapatra"]
[Black "Srihari L"]
[Result "1/2-1/2"]
[ECO "B67"]
[WhiteElo "2408"]
[BlackElo "2272"]
[Annotator "RC"]
[PlyCount "60"]
[EventDate "2023.12.27"]
[EventType "swiss"]
[EventCountry "SWE"]
[SourceTitle "playchess.com"]
[Source "ChessBase"]
[SourceQuality "1"]
[TimeControl "40/5400+30:1800+30"]

1. e4 c5 2. Nf3 d6 3. d4 cxd4 4. Nxd4 Nf6 5. Nc3 Nc6 6. Bg5 e6 7. Qd2 a6 8. O-O-O Bd7 9. Kb1 Be7 10. Nxc6 Bxc6 11. f3 b5 12. h4 h6 13. Be3 h5 14. Ne2 Qb8 15. Nd4 Bd7 16. Bg5 a5 17. Bd3 b4 18. Rhe1 a4 19. f4 Ra5 20. Nf3 e5 21. Bc4 Bg4 22. f5 Rc5 23. Bxf6 Bxf6 24. b3 Ke7 25. Re3 Rhc8 26. Rd3 R8c6 27. Rd5 Qb6 28. Rxc5 Rxc5 29. Qd3 Qc7 30. Rh1 Bxf3 1/2-1/2

[Event "51st Rilton Cup 2023-24"]
[Site "Stockholm"]
[Date "2024.01.04"]
[Round "8.14"]
[White "Falkevall, Axel"]
[Black "Dhulipalla Bala Chandra Prasad"]
[Result "1/2-1/2"]
[ECO "C92"]
[WhiteElo "2311"]
[BlackElo "2396"]
[Annotator "RC"]
[PlyCount "67"]
[EventDate "2023.12.27"]
[EventType "swiss"]
[EventCountry "SWE"]
[SourceTitle "playchess.com"]
[Source "ChessBase"]
[SourceQuality "1"]
[TimeControl "40/5400+30:1800+30"]

1. e4 e5 2. Nf3 Nc6 3. Bb5 a6 4. Ba4 Nf6 5. O-O Be7 6. Re1 b5 7. Bb3 d6 8. c3 O-O 9. h3 Be6 10. d4 Bxb3 11. axb3 exd4 12. cxd4 Nb4 13. Nc3 Re8 14. Bf4 d5 15. e5 Nd7 16. e6 fxe6 17. Rxe6 Nf8 18. Re3 Ng6 19. Bg3 Qd7 20. h4 Qf5 21. Rc1 Bd6 22. Bxd6 cxd6 23. Qd2 Nf4 24. Ne2 Rxe3 25. Qxe3 Nxe2+ 26. Qxe2 Nd3 27. Rc7 Qe4 28. Qc2 h6 29. Qc6 Rf8 30. Qd7 Qg6 31. h5 Qf6 32. Rc6 Ne1 33. Rc3 Rd8 34. Qg4 1/2-1/2

[Event "51st Rilton Cup 2023-24"]
[Site "Stockholm"]
[Date "2024.01.04"]
[Round "8.15"]
[White "Aoshima, Mirai"]
[Black "Tulchynskyi, Feliks"]
[Result "1-0"]
[ECO "D38"]
[WhiteElo "2367"]
[BlackElo "2325"]
[Annotator "RC"]
[PlyCount "133"]
[EventDate "2023.12.27"]
[EventType "swiss"]
[EventCountry "SWE"]
[SourceTitle "playchess.com"]
[Source "ChessBase"]
[SourceQuality "1"]
[TimeControl "40/5400+30:1800+30"]

1. d4 Nf6 2. c4 e6 3. Nf3 d5 4. Nc3 Bb4 5. Qa4+ Nc6 6. e3 O-O 7. Bd2 dxc4 8. Bxc4 Bd6 9. Qc2 e5 10. dxe5 Nxe5 11. Nxe5 Bxe5 12. f4 Bxc3 13. Bxc3 Ng4 14. Qe2 Qe7 15. e4 Qc5 16. O-O-O Ne3 17. Rd4 Nxc4 18. Qxc4 Qxc4 19. Rxc4 Re8 20. Re1 c6 21. f5 b6 22. Rxc6 Bb7 23. Rc4 f6 24. e5 fxe5 25. Rc7 Ba6 26. Re3 Rec8 27. Re7 Bc4 28. Rg3 Bf7 29. Rxe5 Kf8 30. Kb1 Rc4 31. b3 Rf4 32. Rxg7 Rf1+ 33. Kb2 Kxg7 34. Re1+ Kg8 35. Rxf1 Re8 36. Rf2 Bh5 37. Ka3 Re2 38. Rf4 Rxg2 39. Rc4 Rf2 40. Rc8+ Kf7 41. Rc7+ Ke8 42. f6 Bg6 43. Rxa7 Bb1 44. Bb2 Rxh2 45. Rb7 Rf2 46. Rxb6 h5 47. Re6+ Kf7 48. Re1 Bd3 49. Re7+ Kg6 50. Bd4 Rf4 51. Be5 Rf3 52. Rg7+ Kf5 53. Rg3 Rxg3 54. f7 Kxe5 55. f8=Q Rh3 56. Kb4 Be4 57. Kc5 Rc3+ 58. Kb5 Rd3 59. b4 Ra3 60. Kc5 Rc3+ 61. Kb6 Kd4 62. Qh8+ Kc4 63. Qxh5 Ra3 64. Qe2+ Bd3 65. Qe3 Kc3 66. Qc1+ Kxb4 67. Qc5+ 1-0

[Event "51st Rilton Cup 2023-24"]
[Site "Stockholm"]
[Date "2024.01.04"]
[Round "8.16"]
[White "Utsab Chatterjee"]
[Black "Moksh Amit Doshi"]
[Result "1-0"]
[ECO "B90"]
[WhiteElo "2289"]
[BlackElo "2366"]
[Annotator "RC"]
[PlyCount "85"]
[EventDate "2023.12.27"]
[EventType "swiss"]
[EventCountry "SWE"]
[SourceTitle "playchess.com"]
[Source "ChessBase"]
[SourceQuality "1"]
[TimeControl "40/5400+30:1800+30"]

1. e4 c5 2. Nf3 d6 3. d4 cxd4 4. Nxd4 Nf6 5. Nc3 a6 6. h3 e5 7. Nb3 Be7 8. g4 h6 9. Be3 Nbd7 10. a4 Nf8 11. Be2 Be6 12. Nd5 Bxd5 13. exd5 N6d7 14. a5 Bg5 15. Qd2 Ng6 16. Qb4 Qc7 17. c4 O-O 18. Nd2 Nc5 19. Qc3 Bxe3 20. fxe3 Qe7 21. b4 Qh4+ 22. Kd1 Nd7 23. Ne4 Qe7 24. Kd2 Nh4 25. Rhf1 Rac8 26. Qb3 g6 27. g5 hxg5 28. Rg1 f6 29. c5 Nf5 30. c6 Nb8 31. b5 axb5 32. Bxb5 Kg7 33. a6 bxa6 34. Bxa6 Nxa6 35. Rxa6 Rb8 36. Qa3 Rfc8 37. Ra7 Rc7 38. Ra1 Rbc8 39. Rxc7 Qxc7 40. Qa7 Kf7 41. Qxc7+ Rxc7 42. Nc3 Ke7 43. Ra8 1-0

[Event "51st Rilton Cup 2023-24"]
[Site "Stockholm"]
[Date "2024.01.04"]
[Round "8.17"]
[White "Ivanov, Mike"]
[Black "Anand, Batsukh"]
[Result "1-0"]
[ECO "A07"]
[WhiteElo "2356"]
[BlackElo "2263"]
[Annotator "RC"]
[PlyCount "75"]
[EventDate "2023.12.27"]
[EventType "swiss"]
[EventCountry "SWE"]
[SourceTitle "playchess.com"]
[Source "ChessBase"]
[SourceQuality "1"]
[TimeControl "40/5400+30:1800+30"]

1. Nf3 d5 2. g3 Bg4 3. Bg2 Nd7 4. h3 Bxf3 5. exf3 c6 6. f4 e6 7. d3 Ngf6 8. Nd2 Bd6 9. Nf3 Qc7 10. a4 O-O-O 11. Be3 h6 12. a5 a6 13. O-O Rdg8 14. c4 g5 15. fxg5 hxg5 16. Nxg5 d4 17. Bd2 Ne5 18. Qe2 Rh5 19. f4 Ng6 20. b4 Rgh8 21. b5 Rxg5 22. fxg5 Nh5 23. bxa6 bxa6 24. Be1 Bxg3 25. Bxg3 Nxg3 26. Qf3 Nf4 27. Rf2 Rh4 28. Rb1 Nxg2 29. g6 Nf4 30. g7 Nge2+ 31. Kf1 Rxh3 32. g8=Q+ Kd7 33. Qxf7+ Kd6 34. c5+ Kxc5 35. Qxc7 Ng3+ 36. Qxg3 Rxg3 37. Qe5+ Nd5 38. Rc2# 1-0

[Event "51st Rilton Cup 2023-24"]
[Site "Stockholm"]
[Date "2024.01.04"]
[Round "8.18"]
[White "Hillarp Persson, Tiger"]
[Black "Starosta, Martyna"]
[Result "1-0"]
[ECO "A34"]
[WhiteElo "2493"]
[BlackElo "2067"]
[Annotator "TA"]
[PlyCount "35"]
[EventDate "2023.12.27"]
[EventType "swiss"]
[EventCountry "SWE"]
[SourceTitle "playchess.com"]
[Source "ChessBase"]
[SourceQuality "1"]
[TimeControl "40/5400+30:1800+30"]

1. c4 Nf6 2. Nc3 c5 3. g3 d5 4. cxd5 Nxd5 5. Bg2 Nc7 6. d3 e5 7. Nh3 Be7 {[%emt 0:01:50] A34: Symmetrical English: 2 Nc3, lines with ...d5.} 8. f4 Nc6 9. O-O O-O {[%emt 0:00:28] The position is equal.} 10. f5 {[%emt 0:01:07] [#]} Re8 $146 ({Predecessor:} 10... Nd4 11. g4 h5 12. e4 hxg4 13. Qxg4 Qd6 14. Kh1 Bd7 15. Rg1 Bc6 16. Bf3 Ne8 {1-0 Gaprindashvili,P (2633)-Gonzalez,B (2480) CADAP 40 years Gr-A email 2008}) 11. g4 Bf8 12. Ng5 {[%emt 0:20:42][%cal Og5f7] [#] Threatens to win with Nxf7!} Qd4+ (12... Nd4 $14) 13. e3 $16 Qd7 14. Be4 {[%emt 0:01:39] White is much more active. The black rooks are badly placed.} (14. Nce4 $16) 14... f6 $2 {[%emt 0:09:06][%mdl 8192] This costs Black the game.} (14... Rb8 $11) 15. Qb3+ $18 Kh8 16. Nf7+ Kg8 17. Nh6+ {[%emt 0:00:08][%mdl 64] [#] Discovered Attack (Double check)} Kh8 18. Qg8# {[%emt 0:00:07] Weighted Error Value: White=0.11 (very precise) /Black=0.69} 1-0

[Event "51st Rilton Cup 2023-24"]
[Site "Stockholm"]
[Date "2024.01.04"]
[Round "8.19"]
[White "Marn, Jan"]
[Black "Krishna C R G"]
[Result "1/2-1/2"]
[ECO "D13"]
[WhiteElo "2322"]
[BlackElo "2396"]
[Annotator "RC"]
[PlyCount "274"]
[EventDate "2023.12.27"]
[EventType "swiss"]
[EventCountry "SWE"]
[SourceTitle "playchess.com"]
[Source "ChessBase"]
[SourceQuality "1"]
[TimeControl "40/5400+30:1800+30"]

1. d4 d5 2. c4 c6 3. cxd5 cxd5 4. Nc3 Nf6 5. Bf4 Nc6 6. e3 a6 7. Be2 Bf5 8. Nf3 e6 9. Qb3 Bd6 10. Bxd6 Qxd6 11. Qxb7 O-O 12. Qb3 Rfc8 13. O-O Rab8 14. Qa4 Rxb2 15. Rfc1 h6 16. Qxa6 Qb8 17. Na4 Rc2 18. Rxc2 Bxc2 19. Nc5 Ne4 20. Nxe4 dxe4 21. Ne5 Nxe5 22. dxe5 Rd8 23. Qa5 Rd5 24. Qc3 Bd3 25. Bf1 Bxf1 26. Rxf1 Rd3 27. Qc5 Rd5 28. Qc2 Qxe5 29. h3 Rc5 30. Qe2 Qc3 31. Rd1 Rd5 32. Rxd5 exd5 33. Qd1 Qa5 34. a4 g6 35. g3 h5 36. h4 Kf8 37. Kg2 Ke7 38. Qd4 Ke6 39. Qd1 Ke7 40. Qc2 Kd6 41. Qb3 Ke6 42. Qa3 f6 43. Qb3 g5 44. Qd1 g4 45. Qd4 Ke7 46. Qa1 Ke6 47. Qa2 Kf7 48. Qa3 Ke6 49. Qb3 Kf5 50. Qc2 Qa6 51. Qb3 Qa5 52. Qb7 Qxa4 53. Qh7+ Ke6 54. Qxh5 Qd1 55. Qe8+ Kf5 56. Qb5 Kg6 57. Qb2 Qf3+ 58. Kh2 Qd1 59. Kg2 Qf3+ 60. Kg1 Qd1+ 61. Kh2 Kf5 62. Qb5 Kg6 63. Qe8+ Kg7 64. Qc8 Qf3 65. Qc2 Qf5 66. Kg2 Qf3+ 67. Kh2 Qf5 68. Kg1 Kg6 69. Qc6 Qe5 70. Qa8 Qe6 71. Qh8 Qf5 72. Qg8+ Kh6 73. Qf8+ Kh7 74. Qf7+ Kh6 75. Qg8 Qd7 76. Qh8+ Kg6 77. Qg8+ Kh6 78. Qb8 Kg7 79. Kf1 d4 80. exd4 Qxd4 81. Qf4 Qd1+ 82. Kg2 Qe2 83. Qe3 Qc4 84. Qa7+ Kg6 85. Qd7 Qe2 86. Qe8+ Kg7 87. Qe7+ Kg6 88. Qa3 Qb5 89. Qa8 Qf5 90. Qg8+ Kh6 91. Kg1 Qf3 92. Qh8+ Kg6 93. Qg8+ Kh6 94. Qd5 Kg7 95. Qd4 Kg6 96. Kf1 Qh1+ 97. Ke2 Qb1 98. Ke3 Qb3+ 99. Ke2 Qb5+ 100. Ke1 Qf5 101. Kd2 Qa5+ 102. Qc3 Qf5 103. Qe3 Qa5+ 104. Kc2 Qa4+ 105. Kc3 Qa3+ 106. Kc4 Qa4+ 107. Kc5 Qa5+ 108. Kd4 Qa4+ 109. Kc3 Qa3+ 110. Kd2 Qb2+ 111. Ke1 Qb1+ 112. Ke2 Qb5+ 113. Kd1 Qb1+ 114. Qc1 Qb4 115. Qc2 Qd4+ 116. Ke2 Kh5 117. Qd2 Qe5 118. Ke3 Qf5 119. Qe2 Kg6 120. Kd2 Qa5+ 121. Kd1 Qa1+ 122. Kd2 Qa5+ 123. Ke3 Qf5 124. Qc2 Qf3+ 125. Kd4 Kh5 126. Qxe4 Qxf2+ 127. Qe3 Qf3 128. Qd3 Qf2+ 129. Kc4 f5 130. Qd7 Qc2+ 131. Kb5 Qb3+ 132. Ka6 Qa3+ 133. Kb7 Qb4+ 134. Kc8 Qc5+ 135. Kb7 Qb4+ 136. Kc8 Qc5+ 137. Kb7 Qb4+ 1/2-1/2

[Event "51st Rilton Cup 2023-24"]
[Site "Stockholm"]
[Date "2024.01.04"]
[Round "8.20"]
[White "Olsson, William"]
[Black "Le Goff, Ronan"]
[Result "1-0"]
[ECO "E04"]
[WhiteElo "2379"]
[BlackElo "2287"]
[Annotator "RC"]
[PlyCount "141"]
[EventDate "2023.12.27"]
[EventType "swiss"]
[EventCountry "SWE"]
[SourceTitle "playchess.com"]
[Source "ChessBase"]
[SourceQuality "1"]
[TimeControl "40/5400+30:1800+30"]

1. c4 e6 2. g3 d5 3. Bg2 Nf6 4. d4 Nbd7 5. Nf3 dxc4 6. O-O Rb8 7. Qc2 b5 8. b3 Bb7 9. bxc4 bxc4 10. Nc3 Bb4 11. Rd1 O-O 12. Bf4 h6 13. Ne5 Bxc3 14. Qxc3 Bxg2 15. Kxg2 Nd5 16. Qxc4 Rb4 17. Qc1 Nxf4+ 18. Qxf4 Nxe5 19. Qxe5 Qd6 20. Rd2 Rfb8 21. Qf4 Rc4 22. Rad1 Qxf4 23. gxf4 Rb5 24. e4 f5 25. e5 Kf7 26. Kf3 Rbb4 27. Ke3 Ra4 28. Rb2 g5 29. fxg5 hxg5 30. Rd3 Kg6 31. Rbd2 c5 32. d5 Re4+ 33. Kf3 exd5 34. Rxd5 g4+ 35. Kg2 Rad4 36. R2xd4 cxd4 37. h3 gxh3+ 38. Kxh3 Kf7 39. f3 Re3 40. Kg3 Ke6 41. Rxd4 Rxe5 42. Ra4 a5 43. Kf4 Rb5 44. Kg5 Rc5 45. f4 Rc2 46. Rxa5 Rg2+ 47. Kh6 Rh2+ 48. Kg7 Rg2+ 49. Kf8 Rf2 50. Ra4 Re2 51. Ra6+ Kd5 52. Kf7 Re4 53. Ra5+ Kd6 54. Rxf5 Ra4 55. Rf6+ Kd5 56. Kg6 Rxa2 57. Rb6 Rg2+ 58. Kf6 Rh2 59. Rb5+ Kd6 60. f5 Rh6+ 61. Kg7 Rh1 62. f6 Rg1+ 63. Kf7 Rf1 64. Rb6+ Kd7 65. Re6 Rg1 66. Re2 Kd6 67. Kf8 Rh1 68. f7 Kd7 69. Rg2 Rf1 70. Kg7 Ke7 71. Re2+ 1-0

[Event "51st Rilton Cup 2023-24"]
[Site "Stockholm"]
[Date "2024.01.04"]
[Round "8.21"]
[White "Mamedov, Edgar"]
[Black "Kavutskiy, Konstantin"]
[Result "1/2-1/2"]
[ECO "E62"]
[WhiteElo "2321"]
[BlackElo "2384"]
[Annotator "RC"]
[PlyCount "79"]
[EventDate "2023.12.27"]
[EventType "swiss"]
[EventCountry "SWE"]
[SourceTitle "playchess.com"]
[Source "ChessBase"]
[SourceQuality "1"]
[TimeControl "40/5400+30:1800+30"]

1. d4 Nf6 2. c4 g6 3. g3 Bg7 4. Bg2 d6 5. Nc3 O-O 6. Nf3 Bf5 7. Nh4 Bc8 8. Nf3 Bf5 9. Nh4 Bc8 10. O-O a5 11. Nf3 Bf5 12. Nh4 Bc8 13. h3 e5 14. Nf3 Nc6 15. dxe5 dxe5 16. Bg5 Be6 17. Nd2 h6 18. Bxf6 Bxf6 19. Nde4 Be7 20. Nd5 f5 21. Nec3 Bc5 22. Nb5 Rc8 23. Ndxc7 Qxd1 24. Rfxd1 Bxc4 25. Bd5+ Bxd5 26. Nxd5 Rfd8 27. Kg2 Nd4 28. Nxd4 Rxd5 29. Nb3 Rxd1 30. Rxd1 Bb4 31. Rc1 Rxc1 32. Nxc1 Kf7 33. f3 e4 34. fxe4 fxe4 35. Nb3 Kf6 36. Nd4 Bc5 37. Nc2 Kf5 38. b3 b5 39. Ne1 Ke5 40. Nc2 1/2-1/2

[Event "51st Rilton Cup 2023-24"]
[Site "Stockholm"]
[Date "2024.01.04"]
[Round "8.22"]
[White "Farokhi, Keyvan"]
[Black "Citak, Selim"]
[Result "1/2-1/2"]
[ECO "B35"]
[WhiteElo "2298"]
[BlackElo "2350"]
[Annotator "RC"]
[PlyCount "120"]
[EventDate "2023.12.27"]
[EventType "swiss"]
[EventCountry "SWE"]
[SourceTitle "playchess.com"]
[Source "ChessBase"]
[SourceQuality "1"]
[TimeControl "40/5400+30:1800+30"]

1. e4 c5 2. Nf3 Nc6 3. d4 cxd4 4. Nxd4 g6 5. Nc3 Bg7 6. Be3 Nf6 7. Bc4 O-O 8. Bb3 d5 9. exd5 Na5 10. h3 Nxb3 11. Nxb3 b5 12. Nxb5 Nxd5 13. Bd4 e5 14. Bc5 Nf4 15. Bxf8 Qxf8 16. Qd6 Nxg2+ 17. Kf1 Bb7 18. Qxf8+ Bxf8 19. Rg1 Nf4 20. c4 Be4 21. Rg3 Bd3+ 22. Rxd3 Nxd3 23. Ke2 Nxb2 24. c5 e4 25. Rc1 Nd3 26. Rc4 a6 27. Nc7 Rc8 28. Nxa6 f5 29. Nb4 Ne5 30. Rc2 Kf7 31. Nd5 Rd8 32. Nb6 Nc6 33. Rd2 Rxd2+ 34. Kxd2 Ke6 35. a4 f4 36. Ke2 f3+ 37. Kf1 g5 38. a5 Nxa5 39. Nxa5 Bxc5 40. Nbc4 h5 41. Nb3 Ba7 42. Nbd2 Kd5 43. Ne3+ Ke5 44. Kg1 Kd4 45. Nf5+ Kd3 46. Nf1 h4 47. N1e3 Ke2 48. Ng4 Bc5 49. Nfe3 Ba7 50. Nd5 Bd4 51. Nge3 Ba7 52. Nc3+ Kd3 53. Ned5 Bc5 54. Kf1 Kd4 55. Nf6 e3 56. fxe3+ Kxc3 57. Ne4+ Kc4 58. Kf2 Be7 59. Kxf3 Kd5 60. Nf2 Ke5 1/2-1/2

[Event "51st Rilton Cup 2023-24"]
[Site "Stockholm"]
[Date "2024.01.04"]
[Round "8.23"]
[White "Kokoszczynski, Jan"]
[Black "Hagner, Bennet"]
[Result "1-0"]
[ECO "C72"]
[WhiteElo "2250"]
[BlackElo "2348"]
[Annotator "RC"]
[PlyCount "79"]
[EventDate "2023.12.27"]
[EventType "swiss"]
[EventCountry "SWE"]
[SourceTitle "playchess.com"]
[Source "ChessBase"]
[SourceQuality "1"]
[TimeControl "40/5400+30:1800+30"]

1. e4 e5 2. Nf3 Nc6 3. Bb5 a6 4. Ba4 d6 5. O-O Bd7 6. c3 g5 7. d4 g4 8. Ne1 h5 9. f4 exd4 10. cxd4 d5 11. e5 Nh6 12. Nc3 Ne7 13. f5 Nhxf5 14. Bg5 Bxa4 15. Qxa4+ Qd7 16. Qxd7+ Kxd7 17. Bxe7 Nxe7 18. Rxf7 Ke8 19. e6 Rh6 20. Nd3 Rxe6 21. Raf1 Bh6 22. Ne5 Rd8 23. Rh7 Be3+ 24. Kh1 Rh6 25. Rxh6 Bxh6 26. Nf7 Be3 27. Nxd8 Kxd8 28. Ne2 b6 29. Rf6 Kd7 30. g3 c5 31. dxc5 bxc5 32. Rxa6 d4 33. Kg2 Nd5 34. Kf1 c4 35. Ra4 c3 36. bxc3 d3 37. Ra5 Nf6 38. Nf4 d2 39. Ke2 h4 40. Nd5 1-0

[Event "51st Rilton Cup 2023-24"]
[Site "Stockholm"]
[Date "2024.01.04"]
[Round "8.24"]
[White "Lim, Zhuo Ren"]
[Black "Shohat, Yotam"]
[Result "0-1"]
[ECO "E73"]
[WhiteElo "2218"]
[BlackElo "2332"]
[Annotator "RC"]
[PlyCount "83"]
[EventDate "2023.12.27"]
[EventType "swiss"]
[EventCountry "SWE"]
[SourceTitle "playchess.com"]
[Source "ChessBase"]
[SourceQuality "1"]
[TimeControl "40/5400+30:1800+30"]

1. d4 Nf6 2. c4 g6 3. Nc3 Bg7 4. e4 O-O 5. Be2 d6 6. Be3 c5 7. e5 dxe5 8. dxe5 Nfd7 9. f4 Nc6 10. Nf3 f6 11. O-O fxe5 12. Qd5+ e6 13. Qxe6+ Kh8 14. fxe5 Ndxe5 15. Qd5 Nxf3+ 16. Bxf3 Nd4 17. Qxc5 Nxf3+ 18. Rxf3 Rxf3 19. gxf3 Bh3 20. Rd1 Qf6 21. Qd5 Rf8 22. f4 Re8 23. Qf3 Qe6 24. Re1 h5 25. Qg3 Qf5 26. Nd1 Qd7 27. Nf2 Bf5 28. b3 Kh7 29. Rd1 Qe6 30. Re1 Qa6 31. Nh3 Bxh3 32. Qxh3 Qxa2 33. f5 Qc2 34. Rf1 Qd3 35. Rf3 Rxe3 36. Rxe3 Bd4 37. fxg6+ Kh6 38. Kf2 Qd2+ 39. Kf1 Qxe3 40. Qf5 Qg1+ 41. Ke2 Qg4+ 42. Kd3 0-1

[Event "51st Rilton Cup 2023-24"]
[Site "Stockholm"]
[Date "2024.01.04"]
[Round "8.25"]
[White "Hedman, Erik"]
[Black "Doraszelski, Alexander"]
[Result "1-0"]
[ECO "B06"]
[WhiteElo "2323"]
[BlackElo "2198"]
[Annotator "RC"]
[PlyCount "89"]
[EventDate "2023.12.27"]
[EventType "swiss"]
[EventCountry "SWE"]
[SourceTitle "playchess.com"]
[Source "ChessBase"]
[SourceQuality "1"]
[TimeControl "40/5400+30:1800+30"]

1. e4 c5 2. c3 d5 3. exd5 Qxd5 4. d4 g6 5. Nf3 Bg7 6. Nbd2 cxd4 7. Bc4 Qd8 8. Nxd4 Nf6 9. O-O O-O 10. Qe2 Nc6 11. Nxc6 bxc6 12. Re1 e6 13. Nf3 a5 14. Bg5 Qb6 15. Be3 Qc7 16. Bd4 a4 17. Qe5 Qxe5 18. Nxe5 Ba6 19. Bxa6 Rxa6 20. Rad1 Rd8 21. Kf1 Ne8 22. f4 Nc7 23. c4 f6 24. Nf3 Kf7 25. g4 h6 26. h4 Ne8 27. Bc5 Rxd1 28. Rxd1 Bf8 29. Rd7+ Kg8 30. Bd4 a3 31. b3 Bb4 32. g5 hxg5 33. hxg5 fxg5 34. Nxg5 Bf8 35. Rd8 c5 36. Rxe8 cxd4 37. Nxe6 Kf7 38. Rxf8+ Kxe6 39. Rd8 Kf5 40. Rxd4 Kg4 41. Kf2 Ra8 42. c5 Rh8 43. c6 Rh2+ 44. Ke3 Rh3+ 45. Ke4 1-0

[Event "51st Rilton Cup 2023-24"]
[Site "Stockholm"]
[Date "2024.01.04"]
[Round "8.26"]
[White "Borgaonkar Akshay"]
[Black "Dragicevic, Drazen"]
[Result "1/2-1/2"]
[ECO "C67"]
[WhiteElo "2206"]
[BlackElo "2322"]
[Annotator "RC"]
[PlyCount "79"]
[EventDate "2023.12.27"]
[EventType "swiss"]
[EventCountry "SWE"]
[SourceTitle "playchess.com"]
[Source "ChessBase"]
[SourceQuality "1"]
[TimeControl "40/5400+30:1800+30"]

1. e4 e5 2. Nf3 Nc6 3. Bb5 Nf6 4. O-O Nxe4 5. Re1 Nd6 6. Nxe5 Be7 7. Bf1 Nf5 8. Nf3 O-O 9. d4 d5 10. c3 Bf6 11. Bd3 g6 12. Bf4 Ng7 13. h3 Bf5 14. Na3 Bxd3 15. Qxd3 a6 16. Nc2 Ne6 17. Bg3 Ne7 18. Ne3 c6 19. Ng4 Bg7 20. Bh4 Qc7 21. Bxe7 Qxe7 22. Qe3 Rfe8 23. h4 h5 24. Nge5 Nf8 25. Qf4 Qf6 26. Qd2 Qd6 27. Re2 Re7 28. Rae1 Rae8 29. Qf4 Qf6 30. Qg3 Qf5 31. Re3 f6 32. Nc4 Rxe3 33. Nxe3 Qd7 34. Nc2 Rxe1+ 35. Ncxe1 Bh6 36. Qb8 Kh7 37. Nd3 Ne6 38. g3 Bf8 39. Nf4 Nd8 40. Nd3 1/2-1/2

[Event "51st Rilton Cup 2023-24"]
[Site "Stockholm"]
[Date "2024.01.05"]
[Round "9.1"]
[White "Sokolovsky, Yahli"]
[Black "Sivuk, Vitaly"]
[Result "1/2-1/2"]
[ECO "C92"]
[WhiteElo "2443"]
[BlackElo "2490"]
[Annotator "TA"]
[PlyCount "35"]
[EventDate "2023.12.27"]
[EventType "swiss"]
[EventCountry "SWE"]
[SourceTitle "playchess.com"]
[Source "ChessBase"]
[SourceQuality "1"]
[TimeControl "40/5400+30:1800+30"]

1. e4 e5 2. Nf3 Nc6 3. Bb5 a6 4. Ba4 Nf6 5. O-O Be7 6. Re1 b5 7. Bb3 d6 8. c3 O-O 9. h3 Bb7 10. d4 Re8 {[%emt 0:00:08] [#]} 11. Ng5 $146 ({Predecessor:} 11. Nbd2 Bf8 12. a3 h6 13. Bc2 Nb8 14. b3 Nbd7 15. a4 g6 16. Bb2 Bg7 17. Bd3 Bc6 18. axb5 axb5 19. Qc2 Nb6 20. d5 Bd7 21. c4 bxc4 22. bxc4 c5 23. Rxa8 Qxa8 24. Ra1 Qb7 {0-1 Carlsen,M (2835)-Firouzja,A (2777) Bullet Chess Losers blitz 2023 (6.10)}) 11... Rf8 12. Nf3 Re8 13. Ng5 Rf8 14. Nf3 Re8 15. Ng5 Rf8 16. Nf3 Re8 17. Ng5 Rf8 18. Nf3 {18.Qd3 is setting a new trend.} 1/2-1/2

[Event "51st Rilton Cup 2023-24"]
[Site "Stockholm"]
[Date "2024.01.05"]
[Round "9.2"]
[White "Parkhov, Yair"]
[Black "Socko, Bartosz"]
[Result "1-0"]
[ECO "E27"]
[WhiteElo "2495"]
[BlackElo "2550"]
[Annotator "TA"]
[PlyCount "79"]
[EventDate "2023.12.27"]
[EventType "swiss"]
[EventCountry "SWE"]
[SourceTitle "playchess.com"]
[Source "ChessBase"]
[SourceQuality "1"]
[TimeControl "40/5400+30:1800+30"]

1. d4 Nf6 2. c4 e6 3. Nc3 Bb4 4. a3 Bxc3+ 5. bxc3 O-O 6. f3 Ne8 7. e4 {[%emt 0:00:07] E27: Nimzo-Indian: Sämisch: 5...0-0 6 f3.} b6 8. h4 Ba6 9. h5 {[%emt 0:00:16] [#] The position is equal.} d5 $146 (9... Nc6 $15) ({Predecessor:} 9... Nd6 10. Bd3 Bxc4 11. e5 Bxd3 12. Qxd3 Ne8 13. h6 g6 14. Nh3 Nc6 15. Bg5 f6 16. exf6 Nxf6 {0-1 Salem,A (2690)-Andreikin,D (2729) Chess.com Rapid Wk14 Swiss 2022 (1)}) 10. h6 {[%emt 0:07:02] hxg7 would be deadly.} g6 11. Nh3 ({White should play} 11. cxd5 $11 Bxf1 12. Kxf1) 11... Nc6 (11... dxe4 $15 12. fxe4 c5) 12. Bg5 f6 13. Bh4 (13. cxd5 $5 Bxf1 14. Kxf1 $11) 13... dxe4 14. fxe4 e5 15. Qa4 Na5 (15... Nxd4 $2 16. O-O-O (16. Qxa6 $2 Nc2+ 17. Ke2 Nxa1 $19) 16... g5 17. Be1 $18) 16. c5 Bxf1 17. Rxf1 Qe7 {[%emt 0:13:30] White must now prevent ...exd4.} 18. Nf2 (18. dxe5 $15 Qxe5 19. Qd4 Qxd4 20. cxd4) 18... Rd8 (18... c6 $17 19. Rd1 exd4 20. cxd4 Qe6) 19. Rd1 $1 $15 exd4 20. cxd4 g5 21. Bg3 f5 ({Black should try} 21... Qf7 $15) 22. Be5 $1 $11 Qe6 23. Nh3 g4 {[%emt 0:03:59] Black is weak on the dark squares} (23... f4 $11) 24. Nf4 $1 $16 Qxh6 25. Ke2 $1 {[%emt 0:06:28] White has more active pieces. The black rooks are badly placed.} Rf7 $2 {[%emt 0:12:31][%mdl 8192] [#] Loses the game.} (25... fxe4 $16 26. Rh1 Qc6 27. Qxc6 Nxc6) 26. d5 $1 $18 {[%emt 0:11:56] And now Rh1 would win.} Nb7 (26... fxe4 $2 27. Rh1 Qg5 28. Rh5 $18 (28. Qxe4 Qf5 $17)) 27. Rh1 (27. Qxa7 Nxc5 28. Rh1 Qg5 $19) (27. Qc6 $142 Nf6 28. Ne6 (28. Bxc7 $2 {perishes.} Na5 $19)) 27... Nxc5 28. Rxh6 Nxa4 {[%emt 0:00:05] A dynamic duo of knights.} 29. Ne6 {[%emt 0:00:08] Prevents Nc5.} Rdd7 {[%emt 0:02:53] [#]} 30. Rdh1 $1 fxe4 (30... Nc5 {might work better.}) 31. R1h4 Nc5 $2 (31... g3 32. Rg4+ (32. Rxe4 Rf2+ 33. Ke3 Rxd5 $18) 32... Ng7 33. Rxg3 (33. Bxg7 Rxg7 34. Rxg7+ Rxg7 $16) 33... b5 34. Nxg7 Rxg7) 32. Rxg4+ {[%emt 0:00:08] White is clearly winning.} Ng7 33. Bxg7 ({Less strong is} 33. Rxg7+ Rxg7 34. Nxg7 Rxd5 $16) 33... Rxg7 34. Nxg7 Rxg7 35. Rxg7+ Kxg7 {[%emt 0:00:05] KR-KN} 36. Rc6 a5 37. Ke3 h5 38. Rxc7+ Kf6 39. Kf4 e3 40. Rc6+ {[%emt 0:00:10] A cool game by Parkhov.   Weighted Error Value: White=0.20 (precise) /Black=0.41} 1-0